 Dungeon Crawl Stone Soup version 0.24-a0-441-g27f0392e16 (webtiles) character file.

Game seed: 5798422297595802699

1066 KristoblXynda the Gouger (level 8, -11/32 HPs)
             Began as a Felid Transmuter on June 20, 2019.
             Mangled by an orc warrior
             ... wielding a +0 battleaxe
              (29 damage)
             ... on level 7 of the Dungeon.
             The game lasted 00:18:00 (10151 turns).

KristoblXynda the Gouger (Felid Transmuter)        Turns: 10151, Time: 00:18:01

Health: -11/32     AC:  2    Str:  8    XL:     8   Next: 7%
Magic:  19/21      EV: 22    Int: 14    God:
Gold:   296        SH:  0    Dex: 22    Spells: 7/11 levels left
                                        Lives:  0   Deaths: 2

rFire    . . .     SeeInvis +     - Unarmed
rCold    . . .     Gourm    .   (shield unavailable)
rNeg     . . .     Faith    .   (armour unavailable)
rPois    x         Spirit   .   (helmet unavailable)
rElec    .         Reflect  .   (cloak unavailable)
rCorr    .         Harm     .   (gloves unavailable)
MR       +....                  (boots unavailable)
Stlth    ++++......             (no amulet)
HPRegen  0.10/turn              h - ring of magical power
MPRegen  0.17/turn              (no ring)

@: spider-form (expiring), drained
A: tiny, no armour, no weapons or thrown items, stealth, see invisible,
carnivore, slow metabolism 1
a: End Transformation


You were on level 7 of the Dungeon.
You were completely stuffed.
You were a venomous arachnid creature.
You visited 2 branches of the dungeon, and saw 8 of its levels.
You also visited: Ossuary and Bailey.

You collected 296 gold pieces.

Inventory:

Jewellery
 h - a ring of magical power (left front leg)
 q - an uncursed ring of flight
Scrolls
 a - 2 scrolls of teleportation {unknown}
 d - 4 scrolls of magic mapping
 g - 5 scrolls of remove curse
 k - a scroll of fog {unknown}
 l - 5 scrolls of immolation
 m - a scroll of enchant armour {unknown}
 n - a scroll of blinking {unknown}
 o - 2 scrolls of enchant weapon
 w - a scroll of brand weapon {unknown}
 y - a scroll of summoning {unknown}
Potions
 b - a potion of agility
 e - a potion of lignification
 f - a potion of brilliance {unknown}
 i - 2 potions of ambrosia
 j - 3 potions of curing
 p - 3 potions of might
 t - a potion of mutation
 u - a potion of flight {unknown}
 v - a potion of invisibility {unknown}
 x - a potion of heal wounds {unknown}
Comestibles
 c - 6 rations
 r - a chunk of flesh


   Skills:
 - Level 1.0(0.1) Fighting
 - Level 4.0(3.1) Dodging
 + Level 8.3(7.3) Stealth
 * Level 8.7(7.7) Unarmed Combat
 - Level 2.0(1.1) Spellcasting
 + Level 6.8(5.8) Transmutations


You had 7 spell levels left.
You knew the following spells:

 Your Spells              Type           Power        Failure   Level  Hunger
a - Beastly Appendage     Tmut           ###...       9%          1    ##.....
b - Spider Form           Tmut/Pois      #.........   45%         3    ####...

Your spell library contained the following spells:

 Spells                   Type           Power        Failure   Level  Hunger
 Sticks to Snakes         Tmut           ###.....     12%         2    ###....
 Blade Hands              Tmut           ###.......   75%         5    ######.
 Ice Form                 Ice/Tmut       #.......     80%         4    #####..


Dungeon Overview and Level Annotations

Branches:
Dungeon (7/15)             Temple (1/1) D:7

Altars:
Ashenzari
Cheibriados
Dithmenos
Elyvilon
Fedhas
Gozag
Makhleb
Nemelex Xobeh
Okawaru
Ru
Sif Muna
Trog
Uskayaw
Vehumet
Wu Jian
Xom
Yredelemnul
Zin
The Shining One


Innate Abilities, Weirdness & Mutations

You cannot wear armour.
You are incapable of wielding weapons or throwing items.
Your paws allow you to move quietly. (Stealth)
((You have sharp claws.))
((You have razor-sharp teeth.))
You have supernaturally acute eyesight. (SInv)
You are carnivorous and can eat meat at any time.
((You cover ground quickly.))
((You are covered in thick fur. (AC +2)))
You have a slow metabolism.
((Your sharp claws are effective at attacking unaware monsters.))


Message History

The orc wizard mumbles some strange words.
The orc wizard blinks!
The orc warrior hits you with a +0 battleaxe.
You barely miss the orc wizard.
The orc wizard is lightly wounded.
The orc wizard completely misses you.
The orc wizard gestures wildly while chanting.
The orc wizard blinks!
Your transformation is almost over.
The orc wizard is no longer moving quickly.
You barely miss the orc warrior. The orc warrior closely misses you.
The orc wizard casts a spell at you. You resist with almost no effort.
You hit the orc warrior but do no damage.
The orc warrior is lightly wounded.
You bite the orc warrior!
The orc warrior is heavily wounded.
The orc warrior hits you with a +0 battleaxe!!
Ouch! That really hurt!
You die...

...'.#<# #........##.....⌠....###
...#######.##.#.####..........#
...'.......##.#.# ##.._.....##
...##########.#.#####........#
.......######.#....##.......##
#......#......#.(.......#....#
#......#.#######o..###.....#.#
.......#........o#####..#..#.#
.......#########s#......#..#.#
.......#########.#......#..#.#
.......'.........#.........#.#
...#.#.###########.......#.#.####
.###!####.....# #.....#.#.#.....
.# #!####.....####.....#...###...
.# #..!))..∩.!#..#.....##..# #o..
## #.####..!..#..#.....##..# #...
#=##.#.....#.<........#># #o..


You could see an orc warrior and an orc wizard.

Vanquished Creatures
  A hippogriff (D:4)
  A hungry ghost (D:7)
  2 phantoms
  A sky beast (D:7)
  An ogre (D:5)
  2 bullfrogs
  2 scorpions
  A howler monkey (D:5)
  2 bullfrog zombies
  A crimson imp (D:5)
  2 orc priests
  6 hounds
  4 jellies
  4 orc wizards
  2 iguanas (D:5)
  4 worker ants
  A big kobold zombie (Ossuary)
  A hound zombie (D:7)
  5 mummies
  6 gnolls
  9 adders
  5 shadow imps
  An adder skeleton (D:7)
  2 worms (D:3)
  3 dart slugs
  9 leopard geckos
  13 orcs
  4 ball pythons
  6 giant cockroaches
  12 goblins
  8 hobgoblins
  12 jackals
  10 kobolds
  2 quokkas (D:3)
  11 bats
  4 frilled lizards
  2 goblin zombies
  2 hobgoblin zombies (Ossuary)
  A kobold zombie (D:4)
  4 orc zombies (Ossuary)
  A quokka zombie (D:5)
  9 rats
179 creatures vanquished.

Notes
Turn   | Place    | Note
-------+----------+-------------------------------------------
     0 | D:1      | KristoblXynda the Felid Transmuter began the quest for the
                  | Orb.
     0 | D:1      | Reached XP level 1. HP: 9/9 MP: 4/4
   130 | D:1      | Reached skill level 1 in Stealth
   417 | D:1      | Reached XP level 2. HP: 12/12 MP: 6/6
  1537 | D:2      | Reached XP level 3. HP: 11/15 MP: 5/7
  1867 | D:2      | Learned a level 3 spell: Spider Form
  2000 | D:2      | Reached XP level 4. HP: 19/19 MP: 8/8
  2659 | D:2      | Found a blossoming altar of Fedhas.
  2984 | D:3      | Found a faded altar of an unknown god.
  3530 | D:3      | Reached XP level 5. HP: 21/22 MP: 9/9
  4528 | D:4      | Found a sand-covered staircase.
  4572 | Ossuary  | Entered an ossuary
  4625 | Ossuary  | Gained mutation: You are covered in thick fur. (AC +2)
                  | [Felid growth]
  4625 | Ossuary  | Reached XP level 6. HP: 19/25 MP: 10/10
  5337 | D:4      | Killed from afar by an orc wizard
  5338 | D:4      | Reached XP level 5. HP: -3/22 MP: 17/18
  5342 | D:4      | Reached skill level 5 in Unarmed Combat
  5373 | D:4      | HP: 1/22 [adder (5)]
  5507 | D:4      | Reached XP level 6. HP: 21/25 MP: 10/10
  5624 | D:4      | Noticed a hippogriff
  5672 | D:4      | Reached skill level 5 in Stealth
  5904 | D:4      | Killed a hippogriff
  5904 | D:4      | Reached skill level 5 in Transmutations
  5904 | D:4      | Reached XP level 7. HP: 20/28 MP: 11/11
  6282 | D:5      | Entered Level 5 of the Dungeon
  7249 | D:5      | Reached XP level 8. HP: 32/32 MP: 12/12
  7708 | D:6      | Found a hide-covered altar of Uskayaw.
  8453 | D:7      | Found an iron altar of Okawaru.
  8708 | D:7      | Found a flagged portal.
  8834 | Bailey   | Entered a bailey
  8885 | Bailey   | Mangled by a gnoll
  8886 | Bailey   | Reached XP level 7. HP: -9/28 MP: 20/20
  9187 | D:7      | Found a staircase to the Ecumenical Temple.
  9196 | Temple   | Entered the Ecumenical Temple
  9361 | D:7      | Found a shattered altar of Ashenzari.
  9384 | D:7      | Reached XP level 8. HP: 32/32 MP: 12/12
 10106 | D:7      | Noticed a hippogriff
 10151 | D:7      | Mangled by an orc warrior

Levels and vault maps discovered:
D:1:      zelgadis_glass_arrival_small, layout_loops_ring
D:2:      layout_rooms, fedhas_altar_4, kennysheep_path_1
D:3:      layout_basic, chequers_ecumenical_altar_simple
D:4:      layout_cave_pools, first_ration, nicolae_ossuary_entry_giza,
          serial_forest, infiniplex_forest_lined_3, infiniplex_forest_join,
          infiniplex_forest_zigzag_2, infiniplex_forest_straight_2,
          infiniplex_forest_clump_C, infiniplex_forest_end_3, minmay_manual_maat
D:5:      minmay_skewed_foursquare, layout_loops_ring, grunt_decor_one_mirror,
          bh_walls_and_bars
D:6:      layout_loops_ring, basic_altar, minmay_misc_feat_enclosed,
          chequers_big_river, kennysheep_generic_room_16
D:7:      layout_basic, grunt_temple_overflow_open, kennysheep_mini_moat,
          minmay_temple_entry_tees, enter_bailey_7
Temple:   compressed_dpeg_circular_temple

Skill      XL: |  1  2  3  4  5  6  7  8 |
---------------+-------------------------+-----
Stealth        | 1 2 3 4 5 6 8 |  8.3
Dodging        | 3 4 |  4.0
Transmutations | 3 5 6 |  6.8
Unarmed Combat | 4 5 6 7 8 |  8.7
Fighting       | |  1.0
Spellcasting   | |  2.0

Action                   |  1- 3 |  4- 6 |  7- 9 || total
-------------------------+-------+-------+-------++-------
Melee: Unarmed           |    98 |   278 |   217 ||   593
       Headbutt          |     5 |    11 |    19 ||    35
       Bite              |     4 |    18 |    16 ||    38
       Punch             |     1 |     5 |     9 ||    15
 Cast: Beastly Appendage |    11 |    11 |    17 ||    39
       Spider Form       |       |     7 |     2 ||     9
  Use: Scroll            |     2 |    11 |    10 ||    23
       Potion            |       |     5 |     8 ||    13
 Stab: Sleeping          |     7 |    16 |    15 ||    38
  Eat: Chunk             |    10 |    11 |    20 ||    41
Armor: Skin              |    11 |    12 |    61 ||    84
Dodge: Dodged            |    88 |   226 |   153 ||   467

Table legend:
 A = Non-vault XP
 B = Vault XP
 C = Vault XP percentage of total XP
 D = Non-vault monster count
 E = Vault monster count
 F = Vault count percentage of total count
                 A         B        C        D         E       F
            +---------+---------+-------+---------+---------+-------
      Total |    2247 |     708 |  24.0 |     150 |      29 |  16.2
            +---------+---------+-------+---------+---------+-------
        D:1 |      39 |       0 |   0.0 |      23 |       0 |   0.0
        D:2 |     122 |       0 |   0.0 |      21 |       0 |   0.0
        D:3 |     157 |       0 |   0.0 |      36 |       0 |   0.0
        D:4 |     251 |     426 |  62.9 |      21 |       6 |  22.2
        D:5 |     675 |      51 |   7.0 |      23 |       3 |  11.5
        D:6 |     274 |       0 |   0.0 |       7 |       0 |   0.0
        D:7 |     729 |       8 |   1.1 |      19 |       4 |  17.4
    Ossuary |       0 |     108 | 100.0 |       0 |      12 | 100.0
     Bailey |       0 |     115 | 100.0 |       0 |       4 | 100.0
            +---------+---------+-------+---------+---------+-------
